 Dungeon Crawl Stone Soup version 0.30-a0-568-g124715a40b (webtiles) character file.

Game seed: 1734726537189195213

592 bmack86 the Chopper (level 7, -8/61 HPs)
             Began as a Minotaur Fighter on Dec 29, 2022.
             Mangled by an ogre
             ... wielding a +0 giant spiked club
              (23 damage)
             ... on level 5 of the Dungeon.
             The game lasted 00:09:48 (3781 turns).

bmack86 the Chopper (Minotaur Fighter)              Turns: 3781, Time: 00:09:49

Health: -8/61      AC:  9    Str: 22    XL:     7   Next: 16%
Magic:  6/6        EV:  7    Int:  5    God:
Gold:   271        SH:  5    Dex: 10    Spells: 6/6 levels left

rFire   . . .      SeeInvis .    m - +3 war axe
rCold   . . .      Faith    .    c - +0 buckler
rNeg    . . .      Spirit   .    l - +0 chain mail
rPois   .          Reflect  .    (helmet restricted)
rElec   .          Harm     .    (no cloak)
rCorr   .          Rampage  .    (no gloves)
Will    .....                    (no boots) Stlth
                                 e - amulet of regeneration
HPRegen 1.10/turn                (no ring)
MPRegen 0.10/turn                (no ring)

@: no status effects
A: horns 2, retaliatory headbutt
a: no special abilities


You were on level 5 of the Dungeon.
You visited 2 branches of the dungeon, and saw 6 of its levels.

You collected 271 gold pieces.

Inventory:

Hand Weapons
 a - a +0 spectral war axe
 m - a +3 war axe (weapon)
Missiles
 k - 2 poisoned darts (quivered)
Armour
 c - a +0 buckler (worn)
 l - a +0 chain mail (worn)
Jewellery
 e - an amulet of regeneration (around neck)
Scrolls
 g - a scroll of poison {unknown}
 h - a scroll of teleportation
Potions
 b - a potion of attraction {unknown}
 d - a potion of might
 f - 3 potions of mutation {unknown}
 i - 4 potions of brilliance {unknown}
 j - 2 potions of lignification {unknown}


   Skills:
 + Level 5.3 Fighting
 * Level 6.0 Axes
 + Level 1.4 Throwing
 + Level 5.4 Armour
 + Level 5.4 Shields


You had 6 spell levels left.
You didn't know any spells.
Your spell library contained the following spells:

 Spells                   Type           Power      Damage    Failure   Level
 Cigotuvi's Dreadful Rot  Necr/Pois/Air  0%         N/A       100%        2
 Dazzling Flash           Conj/Hex       0%         N/A       100%        3
 Gell's Gravitas          Tloc           0%         N/A       100%        3
 Teleport Other           Tloc           0%         N/A       100%        3
 Iskenderun's Mystic Bla  Conj/Tloc      0%         2d3       100%        4
 Leda's Liquefaction      Hex/Erth       0%         N/A       100%        4
 Dispersal                Tloc           0%         N/A       100%        6
 Simulacrum               Ice/Necr       0%         N/A       100%        6
 Starburst                Conj/Fire      0%         6d3       100%        6


Dungeon Overview and Level Annotations

Branches:
Dungeon (5/15)             Temple (1/1) D:5

Altars:
Ashenzari
Cheibriados
Elyvilon
Fedhas
Hepliaklqana
Makhleb
Nemelex Xobeh
Qazlal
Ru
Sif Muna
Trog
Uskayaw
Vehumet
The Shining One

Annotations:
D:4 3 runed translucent doors, Bacu's ghost, amateur DrTm


Innate Abilities, Weirdness & Mutations

You have a pair of horns on your head.
You reflexively headbutt those who attack you in melee.


Message History

The gnoll is almost dead.
The gnoll closely misses you.
You slash the gnoll!
You kill the gnoll!
Your Axes skill increases to level 6!
You completely miss the gnoll. Your headbutt misses the gnoll.
The gnoll hits you with a +0 flail.
You slash the gnoll!
You kill the gnoll!
The gnoll hits you but does no damage.
You slash the gnoll!
You kill the gnoll!
You hit the gnoll.
The gnoll is lightly wounded.
The gnoll hits you with a +0 whip.
You slash the gnoll!
You kill the gnoll!
Items here: )))).
An ogre comes into view. It is wielding a +0 giant spiked club.
The ogre shouts!
You hit the ogre.
The ogre is moderately wounded.
The ogre hits you with a +0 giant spiked club!!!
Ouch! That really hurt!
You hit the ogre. Your headbutt misses the ogre.
The ogre is heavily wounded.
You block the ogre's attack.
You barely miss the ogre. You headbutt the ogre.
The ogre is heavily wounded.
The ogre barely misses you.
You hit the ogre.
The ogre is heavily wounded.
The ogre hits you with a +0 giant spiked club!
* * * LOW HITPOINT WARNING * * *
You hit the ogre. Your headbutt misses the ogre.
The ogre is severely wounded.
You slash the ogre!
The ogre is almost dead.
The ogre hits you with a +0 giant spiked club!!
You die...

####### #.....# ###
#.###.# .. #.# #.# .#
#.###.###########:#####.
#.#........)....@O......
#.#.#.#########.>.###...
#.#.#.# #.....# #.#.#.#
##....... #.....#####
##.####.. #.........#
#.# # #.#.#####.# #.#
#.#.# #+# #.#.# #


You could see an ogre.

Vanquished Creatures
  A black bear (D:5)
  2 necrophages (D:4)
  A scorpion (D:5)
  2 hounds (D:4)
  A jelly (D:4)
  An iguana (D:4)
  An orc wizard (D:3)
  4 gnolls (D:5)
  4 adders
  A worm (D:4)
  4 dart slugs
  7 orcs (D:3)
  11 ball pythons
  2 bats
  9 endoplasms
  3 giant cockroaches
  2 goblins (D:3)
  10 hobgoblins
  7 jackals
  7 kobolds
  6 quokkas
  3 frilled lizards (D:1)
  6 rats
95 creatures vanquished.

Vanquished Creatures (others)
  2 plants (D:2)
2 creatures vanquished.

Grand Total: 97 creatures vanquished

Notes
Turn   | Place    | Note
-------+----------+-------------------------------------------
     0 | D:1      | bmack86 the Minotaur Fighter began the quest for the Orb.
     0 | D:1      | Reached XP level 1. HP: 19/19 MP: 0/0
   130 | D:1      | Reached XP level 2. HP: 23/27 MP: 1/1
   171 | D:1      | Got the Papyrus of Ghoulish Glamour
   631 | D:1      | Reached skill level 3 in Axes
   984 | D:2      | Reached XP level 3. HP: 33/33 MP: 2/2
  1102 | D:2      | Found a faded altar of an unknown god.
  1728 | D:3      | Reached XP level 4. HP: 40/40 MP: 3/3
  1812 | D:3      | Reached skill level 4 in Axes
  2002 | D:3      | Found a broken altar of Ashenzari.
  2464 | D:4      | Noticed a necrophage
  2468 | D:4      | Killed a necrophage
  2469 | D:4      | Reached XP level 5. HP: 47/47 MP: 4/4
  2542 | D:4      | Found a runed translucent gate.
  2543 | D:4      | Found a runed translucent gate.
  2554 | D:4      | Found a runed translucent gate.
  2562 | D:4      | Noticed Bacu's ghost (amateur DrTm)
  2589 | D:4      | Reached skill level 5 in Axes
  2589 | D:4      | Reached XP level 6. HP: 55/55 MP: 5/5
  2672 | D:4      | Reached skill level 5 in Armour
  2672 | D:4      | Reached skill level 5 in Shields
  2854 | D:4      | Reached skill level 5 in Fighting
  3484 | D:5      | Entered Level 5 of the Dungeon
  3494 | D:5      | Found a staircase to the Ecumenical Temple.
  3513 | D:5      | Reached skill level 1 in Throwing
  3517 | D:5      | Reached XP level 7. HP: 49/61 MP: 6/6
  3520 | Temple   | Entered the Ecumenical Temple
  3765 | D:5      | Reached skill level 6 in Axes
  3781 | D:5      | Mangled by an ogre

Illustrated notes

Levels and vault maps discovered:
D:1:      eino_arrival_cavern_e, layout_basic, minmay_misc_feat_doors
D:2:      layout_loops_ring, ebering_ecumenical_altar_ruins,
          minmay_shallow_snake_nest
D:3:      cheibrodos_helix_gallery, layout_loops_corners,
          mainiacjoe_overflow_alcove_1
D:4:      layout_loops_corners, gammafunk_ghost_necromancy
D:5:      layout_loops_corners, chequers_temple_overflow_statue_of_worship,
          minmay_temple_entry_tees, gup_sewer_entry_bowl
Temple:   hellmonk_temple_forest_ring

Skill      XL: |  1  2  3  4  5  6  7 |
---------------+----------------------+-----
Axes           | 3 4 5 6 |  6.0
Fighting       | 4 5 |  5.3
Armour         | 4 5 |  5.4
Shields        | 4 5 |  5.4
Throwing       | 1 |  1.4

Action                   |  1- 3 |  4- 6 |  7- 9 || total
-------------------------+-------+-------+-------++-------
Melee: War axe           |    88 |    94 |    14 ||   196
       Headbutt          |    11 |    13 |     2 ||    26
  Use: Scroll            |     3 |     2 |       ||     5
Armor: Scale mail        |    54 |    45 |       ||    99
       Chain mail        |       |    14 |     2 ||    16
Dodge: Dodged            |    44 |    35 |     2 ||    81
Block: Buckler           |    23 |    24 |     2 ||    49

Table legend: (Time is in decaauts)
 A = Elapsed time spent in this place.
 B = Non-inter-level travel time spent in this place.
 C = Inter-level travel time spent in this place.
 D = Time resting spent in this place.
 E = Time spent auto-exploring this place.
 F = Levels seen in this place.
 G = Mean time per level.
                   A        B        C        D        E       F      G
               +--------+--------+--------+--------+--------+-----+--------+
         Total |   3850 |   3706 |    144 |     11 |   2598 |   6 |  641.7 |
       Dungeon |   3679 |   3548 |    131 |     11 |   2451 |   5 |  735.8 |
        Temple |    170 |    157 |     13 |      0 |    147 |   1 |  170.0 |
               +--------+--------+--------+--------+--------+-----+--------+

Top non-repeatable levels by time:
     D:4: 1026 daAuts
     D:3: 940 daAuts
     D:1: 911 daAuts
     D:2: 671 daAuts
  Temple: 170 daAuts
     D:5: 130 daAuts
